 Dungeon Crawl Stone Soup version 0.28-a0-1199-gef9e1dbd39 (webtiles) character file.

Game seed: 18315564884494538338

45 SmokeWeed the Skirmisher (level 3, -3/29 HPs)
             Began as a Human Fighter on Dec 19, 2021.
             Slain by an orc (6 damage)
             ... on level 3 of the Dungeon on Dec 20, 2021.
             The game lasted 00:05:13 (1282 turns).

SmokeWeed the Skirmisher (Human Fighter)            Turns: 1282, Time: 00:05:13

Health: -3/29      AC:  6    Str: 16    XL:     3   Next: 90%
Magic:  3/3        EV:  9    Int: 10    God:
Gold:   40         SH:  4    Dex: 12    Spells: 2/2 levels left

rFire   . . .      SeeInvis .   a - +0 long sword
rCold   . . .      Faith    .   c - +0 buckler
rNeg    . . .      Spirit   .   b - +0 scale mail
rPois   .          Reflect  .   (no helmet)
rElec   .          Harm     .   (no cloak)
rCorr   .          Rampage  .   (no gloves)
Will    .....                   (no boots)
Stlth   ..........              (no amulet)
HPRegen 0.09/turn               (no ring)
MPRegen 0.08/turn               (no ring)

@: mighty
A: no striking features
a: no special abilities


You were on level 3 of the Dungeon.
You visited 1 branch of the dungeon, and saw 3 of its levels.

You collected 40 gold pieces.

Inventory:

Hand Weapons
 a - a +0 long sword (weapon)
Missiles
 e - 3 boomerangs (quivered)
 g - 8 stones
 i - 2 javelins
 l - 10 arrows
Armour
 b - a +0 scale mail (worn)
 c - a +0 buckler (worn)
Jewellery
 h - a ring of resist corrosion
Potions
 j - 2 potions of curing


   Skills:
 + Level 3.4 Fighting
 + Level 2.7 Long Blades
 + Level 0.1 Throwing
 + Level 3.2 Armour
 + Level 0.7 Dodging
 + Level 3.2 Shields


You had 2 spell levels left.
You didn't know any spells.
Your spell library was empty.

Dungeon Overview and Level Annotations

Branches:
Dungeon (3/15)

Altars:
Dithmenos

Annotations:
D:2 Sigmund


Message History

The orc completely misses you.
An orc wizard comes into view. It is wielding a +0 dagger.
A kobold comes into view. It is wielding a +0 dagger.
You feel very mighty all of a sudden.
The kobold shouts!
You block the orc's attack. The orc hits you but does no damage.
The orc wizard gestures wildly while chanting.
The orc wizard flickers and vanishes!
Deactivating autopickup; reactivate with Ctrl-A.
You slash the orc!
You kill the orc!
You block the orc's attack. The orc hits you with a +0 mace.
You slash the orc!
The orc is almost dead.
The orc hits you with a +2 hand axe of flaming.
The orc burns you. The orc hits you with a +0 mace.
You slash the orc!
You kill the orc!
Throw: dart (curare)
Press: ? - help, Q - select action, (/) - cycle Shift-Dir - straight line, f - orc
Aim: an orc, wielding a +2 hand axe of flaming and wearing a +0 chain mail (65% to hit)
You throw a curare-tipped dart.
The curare-tipped dart completely misses the orc.
Something hits you but does no damage.
You barely miss something.
You hear some strange, mumbled words.
A magic dart appears from out of thin air!
The magic dart hits you.
You barely miss something. Something hits you.
* * * LOW HITPOINT WARNING * * *
Something hits you but does no damage.
You miss something. Something hits you but does no damage.
You closely miss something. Something hits you.
* * * LOW HITPOINT WARNING * * *
You miss something.
You hear some strange, mumbled words.
A puff of flame appears from out of thin air!
You block the puff of flame.
The orc hits you with a +2 hand axe of flaming.
You die...

### #.. ##.#
... # #.#
.###.##.####
......†..(<#
#
.###.##.Ko##
...
###@##.....
#........
####.....
.... ... ..
.


You could see an orc and a kobold.

Vanquished Creatures
  An adder (D:2)
  6 orcs
  A ball python (D:1)
  2 endoplasms (D:1)
  2 giant cockroaches (D:1)
  2 goblins (D:1)
  A hobgoblin (D:3)
  6 jackals (D:1)
  A kobold (D:1)
  A bat (D:1)
  A frilled lizard (D:1)
  2 rats (D:1)
26 creatures vanquished.

Notes
Turn   | Place    | Note
-------+----------+-------------------------------------------
     0 | D:1      | SmokeWeed the Human Fighter began the quest for the Orb.
     0 | D:1      | Reached XP level 1. HP: 18/18 MP: 1/1
   177 | D:1      | Reached XP level 2. HP: 22/24 MP: 2/2
   675 | D:1      | Reached XP level 3. HP: 27/29 MP: 3/3
   725 | D:2      | Noticed Sigmund
  1243 | D:2      | Found a shadowy altar of Dithmenos.
  1282 | D:3      | Slain by an orc

Illustrated notes

Levels and vault maps discovered:
D:1:      dpeg_arrival_connections, layout_basic,
          chequers_ecumenical_altar_twisty
D:2:      layout_basic, basic_altar, uniq_sigmund
D:3:      layout_basic, uniq_natasha, uniq_robin, uniq_terence

Action                   || total
-------------------------++-------
Melee: Long sword        ||    87
Throw: Stone             ||    22
       Boomerang         ||     1
       Dart              ||     2
  Use: Scroll            ||     2
       Potion            ||     1
Armor: Scale mail        ||    49
Dodge: Dodged            ||    39
Block: Buckler           ||    31

Table legend: (Time is in decaauts)
 A = Elapsed time spent in this place.
 B = Non-inter-level travel time spent in this place.
 C = Inter-level travel time spent in this place.
 D = Time resting spent in this place.
 E = Time spent auto-exploring this place.
 F = Levels seen in this place.
 G = Mean time per level.
                   A        B        C        D        E       F      G
               +--------+--------+--------+--------+--------+-----+--------+
         Total |   1312 |   1312 |      0 |    364 |    590 |   3 |  437.3 |
       Dungeon |   1312 |   1312 |      0 |    364 |    590 |   3 |  437.3 |
               +--------+--------+--------+--------+--------+-----+--------+

Top non-repeatable levels by time:
     D:1: 1021 daAuts
     D:2: 265 daAuts
     D:3: 25 daAuts
